 Dungeon Crawl Stone Soup version 0.21-a0-338-g36cf2fc (webtiles) character file.

168279 Amnesiac the Infuser (level 17, -34/135 HPs)
             Began as a Gnoll Skald on Oct 3, 2017.
             Was a High Priest of Ashenzari.
             Killed from afar by a deep elf elementalist (51 damage)
             ... with a fireball
             ... on level 3 of the Elven Halls.
             The game lasted 01:28:04 (24536 turns).

Amnesiac the Infuser (Gnoll Skald)                 Turns: 24536, Time: 01:28:05

Health: -34/135    AC: 19    Str: 18    XL:     17   Next: 94%
Magic:  0/39       EV: 25    Int: 16    God:    Ashenzari [*****.]
Gold:   1555       SH: 14    Dex: 25    Spells: 6/41 levels left

rFire    . . .     SeeInvis +   U - +5 trident "Muystrag" {pierce, Dex+6 Stlth-}
rCold    . . .     Gourm    .   c - +0 shield (curse)
rNeg     . . .     Faith    .   b - +2 ring mail {MR+}
rPois    .         Spirit   +   Z - +2 hat
rElec    .         Reflect  .   a - +2 cloak (curse)
rCorr    +         Harm     .   S - +0 pair of gloves (curse)
MR       ++...     Clarity  +   l - +0 pair of boots (curse)
Stlth    ++++......             F - amulet of guardian spirit (curse)
HPRegen  0.32/turn              y - ring of magical power (curse)
MPRegen  0.26/turn              K - ring of resist corrosion

@: about to teleport, very slightly contaminated, drained
A: distributed training, fangs 1, horns 2, agile 1, low mp 1, strong nose
a: Curse Item, Scrying, Renounce Religion


You were on level 3 of the Elven Halls.
You worshipped Ashenzari.
Ashenzari was extremely pleased with you.
You were hungry.

You visited 5 branches of the dungeon, and saw 22 of its levels.
You also visited: Ice Cave.

You collected 2373 gold pieces.
You spent 818 gold pieces at shops.

Inventory:

Hand Weapons
 Q - a +3 quick blade of distortion
 U - the +5 trident "Muystrag" (weapon) {pierce, Dex+6 Stlth-}
   (You took it off an orc on level 8 of the Dungeon)

   It inflicts extra damage upon your enemies.
   It affects your dexterity (+6).
   It makes you less stealthy.
Armour
 a - a cursed +2 cloak (worn)
 b - a +2 ring mail of magic resistance (worn)
 c - a cursed +0 shield (worn)
 g - a +2 pair of boots
 l - a cursed +0 pair of boots (worn)
 O - a +2 robe of the Archmagi
 S - a cursed +0 pair of gloves (worn)
 X - a +0 pair of gloves of strength
 Z - a +2 hat (worn)
Magical Staves
 k - an uncursed staff of air
Jewellery
 y - a cursed ring of magical power (left hand)
 F - a cursed amulet of guardian spirit (around neck)
 K - a ring of resist corrosion (right hand)
Wands
 e - a wand of disintegration (15/24)
 m - a wand of iceblast (2/15)
 v - a wand of acid (8/15)
 C - a wand of iceblast (4/15)
 L - a wand of lightning (8/15)
 N - a wand of digging (12/24)
 R - a wand of clouds (0/9)
 W - a wand of enslavement (8/24)
 Y - a wand of paralysis (14/24)
Scrolls
 j - a scroll of fog {!r}
 r - 3 scrolls of magic mapping {!r}
 t - 4 scrolls of remove curse {!r}
 w - 2 scrolls of summoning {!r}
 B - 3 scrolls of amnesia {!r}
 G - 6 scrolls of enchant armour {!r}
 H - 4 scrolls of teleportation {!r}
 M - 2 scrolls of fear {!r}
 P - 3 scrolls of recharging {!r}
 T - 4 scrolls of enchant weapon {!r}
Potions
 f - a potion of magic {!q}
 i - 3 potions of lignification {!q}
 n - 3 potions of flight {!q}
 o - a potion of mutation {!q}
 p - a potion of resistance {!q}
 q - a potion of cancellation {!q}
 u - 4 potions of might {!q}
 x - a potion of agility {!q}
 D - a potion of brilliance {!q}
 E - a potion of curing {!q}
 I - 4 potions of ambrosia {!q}
 J - 2 potions of haste {!q}
Comestibles
 d - 5 bread rations
 s - 9 meat rations
 z - 14 royal jellies
 A - 3 fruits


   Skills:
 + Level 12.4(12.3) Fighting
 + Level 11.6 Short Blades
 + Level 11.6 Long Blades
 + Level 11.6 Axes
 + Level 11.6 Maces & Flails
 + Level 12.4(12.3) Polearms
 + Level 11.6 Staves
 + Level 11.6 Slings
 + Level 11.6 Bows
 + Level 11.6 Crossbows
 + Level 11.6 Throwing
 + Level 11.9(14.2) Armour
 + Level 12.4(14.7) Dodging
 + Level 11.6 Stealth
   Level 0.0 Stabbing
 + Level 11.6(14.0) Shields
   Level 0.0 Traps
 + Level 11.6 Unarmed Combat
 + Level 12.5 Spellcasting
 + Level 11.6(14.0) Conjurations
 + Level 11.6(14.0) Hexes
 + Level 13.1(15.3) Charms
 + Level 11.6(14.0) Summonings
 + Level 11.6(14.0) Necromancy
 + Level 11.6(14.0) Translocations
 + Level 11.6(14.0) Transmutations
 + Level 11.6(14.0) Fire Magic
 + Level 11.6(14.0) Ice Magic
 + Level 11.6(14.0) Air Magic
 + Level 11.6(14.0) Earth Magic
 + Level 11.6(14.0) Poison Magic
 + Level 11.6 Invocations
 + Level 11.6(14.0) Evocations


You had 6 spell levels left.
You knew the following spells:

 Your Spells              Type           Power        Failure   Level  Hunger
a - Infusion              Chrm           ####         1%          1    None
b - Passwall              Tmut/Erth      ######....   1%          2    None
c - Spectral Weapon       Hex/Chrm       ######..     1%          3    None
d - Lee's Rapid Deconstr  Erth           ######....   1%          5    ####...
e - Confuse               Hex            ######..     1%          3    None
f - Mephitic Cloud        Conj/Pois/Air  ######..     1%          3    None
g - Airstrike             Air            ######....   1%          4    ##.....
h - Sticks to Snakes      Tmut           ######..     1%          2    None
i - Poisonous Vapours     Pois/Air       ######       1%          2    None
j - Alistair's Intoxicat  Tmut/Pois      ######..     1%          5    ####...
k - Blink                 Tloc           N/A          1%          2    None
r - Regeneration          Chrm/Necr      ######....   1%          3    None


Dungeon Overview and Level Annotations

Branches:
Dungeon (15/15)            Temple (1/1) D:5            Lair (0/6) D:10
    Orc (2/2) D:12            Elf (3/3) Orc:2        Vaults (0/5) D:13
 Depths (1/5) D:15

Altars:
Ashenzari
Cheibriados
Dithmenos
Elyvilon
Fedhas
Gozag
Hepliaklqana
Kikubaaqudgha
Makhleb
Nemelex Xobeh
Okawaru
Qazlal
Ru
Sif Muna
Trog
Uskayaw
Vehumet
Wu Jian
Xom
Yredelemnul
Zin
The Shining One
Beogh

Shops:
D:9 :   D:11 (   D:15 (   Orc:2 ?[![   Elf:2 [   Elf:3 :=}}


Innate Abilities, Weirdness & Mutations

Your experience applies equally to all skills.
You have very sharp teeth.
Your uncanny sense of smell can sniff out nearby items.
You have a pair of horns on your head.
You are agile. (Dex +2)
Your magical capacity is low. (-10% MP)


Message History

The deep elf archer blinks!
You block the orc high priest's attack.
The orc high priest hits your spectral weapon but does no damage.
You puncture the sixfirhy!
You kill the sixfirhy!
You puncture the orc high priest!
You headbutt the orc high priest, but do no damage.
The orc high priest is heavily wounded.
The deep elf elementalist seems less brilliant.
The deep elf mage seems less brilliant. x3
The deep elf elementalist is empowered by something's aura!
The deep elf mage is empowered by something's aura! x3
The orc high priest calls down the wrath of Beogh upon your spectral weapon.
Your spectral weapon is smitten.
Your spectral weapon shares its damage with you!
* * * LOW HITPOINT WARNING * * *
You strike the helpless orc high priest from behind!
You puncture the orc high priest!
You kill the orc high priest!
You barely miss the deep elf elementalist.
The deep elf elementalist hits you with a rapier.
* * * LOW HITPOINT WARNING * * *
You barely miss the deep elf elementalist.
The deep elf elementalist hits you but does no damage.
The deep elf mage casts a spell. x2
Okay, then.
You aren't carrying or standing over any spellbooks.
Casting: Spectral Weapon
Confirm with . or Enter, or press ? or * to list all spells.
Okay, then.
Search for what [Enter for "remove", or ? for help]? golub Unknown command.
Okay, then.
Unknown command.
Okay, then.
Unknown command.
Press: ? - help, v - describe, . - travel The floor.
Really read
h - a scroll of blinking {!r}?
Blink to where?
Press: ? - help, Dir - move target cursor You are very lightly contaminated with residual magic.
As you read the scroll of blinking {!r}, it crumbles to dust.
A deep elf sorcerer comes into view. It is wielding a rapier.
The deep elf elementalist casts a spell at you.
The fireball explodes!
The fireball engulfs your spectral weapon.
Your spectral weapon resists.
Your spectral weapon shares its damage with you!
Your spectral weapon fades away.
* * * LOW HITPOINT WARNING * * *
Really read
j - 2 scrolls of fog {!r}?
As you read the scroll of fog {!r}, it crumbles to dust.
The scroll dissolves into smoke.
The deep elf sorcerer shouts!
The deep elf elementalist seems less brilliant.
The deep elf elementalist is empowered by something's aura!
Really read
H - 5 scrolls of teleportation {!r}?
As you read the scroll of teleportation {!r}, it crumbles to dust.
You feel strangely unstable.
The deep elf sorcerer mumbles some strange words.
The deep elf sorcerer seems to speed up.
The deep elf elementalist gestures at you while chanting.
The fireball explodes!
The fireball engulfs you!
You die...

* * ##########).#.#
##... ,,,
,,,,..........)[..#
##.. 8 , ,
......##.....## ##.
, .... #......#.#
## , *
*#...##.e....### #
,, , *#.......#.# ,
,8 ,,8,,
###§..§##.# ,, ,
,##§§##..# ,, **,
,,##@#...# ,
**...#§§§..# ,
*,,∆∆∆ #..##....#
,*,, ∆∆∆∆*...#....#
,**, ∆∆∆∆ #..##...#
## , ,, ⌠∆∆{
#...#e8.# ##. , ,
∆∆∆∆##{8.#...# ##.(
* ,∆∆∆∆#...{#...#
##... ,,
∆{∆##E.eo).8.#
#..[.


You could see a deep elf sorcerer and a deep elf elementalist.

Vanquished Creatures
  Saint Roka (Elf:2)
  Asterion (Elf:2)
  Gastronok (D:9)
  8 deep elf sorcerers
  3 deep elf elementalists (Elf:3)
  Nessos (D:12)
  The ghost of Amnesiac the Destroyer, a journeyman GnCj of Ashenzari (D:15)
  2 deep elf demonologists
  Azrael (D:12)
  2 deep elf annihilators (Elf:3)
  2 blizzard demons (IceCv)
  An ettin (D:15)
  2 deep elf death magi (Elf:3)
  2 deep elf high priests (Elf:3)
  Fannar (D:11)
  Erolcha (D:10)
  An ogre mage (D:15)
  A great orb of eyes (Depths:1)
  A vault guard (D:13)
  Erica (D:11)
  5 centaur warriors
  6 two-headed ogres
  A death knight (D:12)
  2 tengu warriors (D:15)
  26 dancing weapons
  4 orc high priests
  Urug (D:12)
  23 deep elf knights
  The ghost of Dominolapin the Covert, a novice VSAs of Kikubaaqudgha (D:9)
  4 skeletal warriors (D:14)
  7 unseen horrors
  2 deep trolls (Depths:1)
  2 wizards
  4 orc knights
  15 deep elf archers
  A necromancer (D:13)
  A salamander (shapeshifter) (Elf:3)
  2 oklob plants (D:12)
  5 orc sorcerers
  4 cyclopes
  56 deep elf magi
  3 centaur zombies
  11 ugly things
  Maurice (D:10)
  An eye of devastation (shapeshifter) (Elf:2)
  2 gargoyles
  Joseph (D:8)
  4 ice statues (IceCv)
  A spiny frog (shapeshifter) (Elf:2)
  An efreet (D:11)
  2 komodo dragons
  5 freezing wraiths
  5 kobold demonologists
  A small abomination (Elf:3)
  An anaconda simulacrum (IceCv)
  10 ice devils (IceCv)
  A polar bear (shapeshifter) (D:15)
  A queen bee (D:10)
  13 trolls
  A meliai (shapeshifter) (D:13)
  3 hippogriffs
  2 air elementals
  2 water elementals
  4 wyverns
  15 yaks
  A wraith (D:14)
  Sigmund (D:3)
  6 fire elementals
  4 hogs (D:12)
  20 humans (D:13)
  6 hungry ghosts
  4 vampire mosquitoes (D:14)
  2 harpy simulacra (IceCv)
  7 wargs
  An iron troll simulacrum (IceCv)
  An acid dragon (shapeshifter) (Elf:3)
  2 soldier ants
  4 acid dragons
  3 hell hounds
  4 hydra simulacra (IceCv)
  A water moccasin (D:9)
  3 eyes of draining
  2 black bears
  3 ice beasts
  7 sky beasts
  50 orc warriors
  A hornet zombie (D:14)
  A tengu (shapeshifter) (D:8)
  2 ettin simulacra (IceCv)
  13 ogres
  3 phantoms
  26 centaurs
  5 crocodiles
  12 bullfrogs
  3 big kobolds
  6 earth elementals
  A wyvern skeleton (D:11)
  2 scorpions
  The ghost of p0werm0de the Skirmisher, a weakling MiCK of Xom (D:3)
  A troll zombie (D:12)
  A wight (D:8)
  19 killer bees
  2 howler monkeys
  5 crimson imps
  2 bullfrog zombies
  8 hounds
  2 quasits
  2 jellies
  2 centaur skeletons
  8 orc priests
  Crazy Yiuf (D:4)
  22 orc wizards
  2 iguanas
  Ijyb (D:5)
  21 worker ants
  5 ogre zombies (D:12)
  2 human simulacra (D:11)
  3 worker ant zombies
  8 gnolls (D:6)
  16 adders
  A shadow imp (D:10)
  An ooze (D:2)
  An adder zombie (D:5)
  3 worms
  11 dart slugs
  3 leopard geckos
  95 orcs
  5 giant cockroaches
  7 goblins
  9 hobgoblins
  17 jackals
  7 quokkas
  10 bats
  7 frilled lizards
  A goblin skeleton (D:12)
  2 goblin zombies (D:12)
  A hobgoblin zombie (D:12)
  29 kobolds
  4 orc skeletons (D:12)
  11 orc zombies (D:12)
  A quokka skeleton (D:9)
  7 rats
  A crawling corpse (Elf:3)
872 creatures vanquished.

Vanquished Creatures (others)
  Kirke (D:12)
  An orc (Elf:3)
  A plant (D:5)
  52 spectral weapons
55 creatures vanquished.

Grand Total: 927 creatures vanquished

Notes
Turn   | Place    | Note
-------+----------+-------------------------------------------
     0 | D:1      | Amnesiac the Gnoll Skald began the quest for the Orb.
     0 | D:1      | Reached XP level 1. HP: 20/20 MP: 6/6
   171 | D:1      | Reached XP level 2. HP: 25/26 MP: 4/7
   795 | D:2      | Reached XP level 3. HP: 31/31 MP: 2/9
   800 | D:2      | Learned a level 3 spell: Regeneration
   804 | D:2      | Learned a level 3 spell: Spectral Weapon
   824 | D:2      | Reached skill level 5 in Spellcasting
  1118 | D:2      | Found an iron altar of Okawaru.
  1129 | D:2      | Reached skill level 1 in Short Blades
  1129 | D:2      | Reached skill level 1 in Long Blades
  1129 | D:2      | Reached skill level 1 in Axes
  1129 | D:2      | Reached skill level 1 in Maces & Flails
  1129 | D:2      | Reached skill level 1 in Staves
  1129 | D:2      | Reached skill level 1 in Slings
  1129 | D:2      | Reached skill level 1 in Bows
  1129 | D:2      | Reached skill level 1 in Crossbows
  1129 | D:2      | Reached skill level 1 in Throwing
  1129 | D:2      | Reached skill level 1 in Stealth
  1129 | D:2      | Reached skill level 1 in Shields
  1129 | D:2      | Reached skill level 1 in Unarmed Combat
  1129 | D:2      | Reached skill level 1 in Conjurations
  1129 | D:2      | Reached skill level 1 in Hexes
  1129 | D:2      | Reached skill level 1 in Summonings
  1129 | D:2      | Reached skill level 1 in Necromancy
  1129 | D:2      | Reached skill level 1 in Translocations
  1129 | D:2      | Reached skill level 1 in Transmutations
  1129 | D:2      | Reached skill level 1 in Fire Magic
  1129 | D:2      | Reached skill level 1 in Ice Magic
  1129 | D:2      | Reached skill level 1 in Air Magic
  1129 | D:2      | Reached skill level 1 in Earth Magic
  1129 | D:2      | Reached skill level 1 in Poison Magic
  1129 | D:2      | Reached skill level 1 in Invocations
  1129 | D:2      | Reached skill level 1 in Evocations
  1161 | D:2      | Reached XP level 4. HP: 38/38 MP: 0/11
  1513 | D:3      | Found a basalt altar of Yredelemnul.
  1618 | D:3      | Reached XP level 5. HP: 43/43 MP: 0/12
  1724 | D:3      | Noticed Sigmund
  1764 | D:3      | Killed Sigmund
  1764 | D:3      | Reached XP level 6. HP: 50/50 MP: 5/13
  1784 | D:3      | Noticed p0werm0de's ghost (weakling MiCK)
  2045 | D:4      | Reached skill level 5 in Fighting
  2045 | D:4      | Reached skill level 5 in Polearms
  2045 | D:4      | Reached skill level 5 in Dodging
  2438 | D:4      | Reached XP level 7. HP: 52/56 MP: 8/15
  2529 | D:4      | Reached skill level 7 in Charms
  2639 | D:4      | Found a runed door.
  2922 | D:4      | Noticed Crazy Yiuf
  2928 | D:4      | Killed Crazy Yiuf
  3076 | D:3      | Killed p0werm0de's ghost
  3194 | D:5      | Entered Level 5 of the Dungeon
  3356 | D:5      | Noticed Ijyb
  3366 | D:5      | Killed Ijyb
  3370 | D:5      | Reached XP level 8. HP: 63/63 MP: 7/16
  3759 | D:5      | Found a staircase to the Ecumenical Temple.
  3765 | Temple   | Entered the Ecumenical Temple
  3801 | Temple   | Became a worshipper of Ashenzari the Shackled
  4113 | D:6      | Learned a level 3 spell: Confuse
  4746 | D:7      | Reached XP level 9. HP: 67/69 MP: 11/18
  5152 | D:7      | Found an ornate altar of the Wu Jian Council.
  5407 | D:8      | Reached * piety under Ashenzari
  5407 | D:8      | Noticed a cyan ugly thing
  5411 | D:8      | Reached skill level 5 in Armour
  5528 | D:8      | Reached skill level 8 in Charms
  5731 | D:8      | Killed a cyan ugly thing
  5731 | D:8      | Reached XP level 10. HP: 77/77 MP: 9/20
  5757 | D:8      | Got the trident "Muystrag" {pierce, Dex+6 Stlth-}
  5758 | D:8      | Identified the +5 trident "Muystrag" {pierce, Dex+6 Stlth-} (You took it off an orc on level 8 of the Dungeon)
  5910 | D:8      | Got the falchion of Ageih {slice, Stlth+}
  6028 | D:8      | Reached skill level 5 in Short Blades
  6028 | D:8      | Reached skill level 5 in Long Blades
  6028 | D:8      | Reached skill level 5 in Axes
  6028 | D:8      | Reached skill level 5 in Maces & Flails
  6028 | D:8      | Reached skill level 5 in Staves
  6028 | D:8      | Reached skill level 5 in Slings
  6028 | D:8      | Reached skill level 5 in Bows
  6028 | D:8      | Reached skill level 5 in Crossbows
  6028 | D:8      | Reached skill level 5 in Throwing
  6028 | D:8      | Reached skill level 5 in Stealth
  6028 | D:8      | Reached skill level 5 in Shields
  6028 | D:8      | Reached skill level 5 in Unarmed Combat
  6028 | D:8      | Reached skill level 5 in Conjurations
  6028 | D:8      | Reached skill level 5 in Hexes
  6028 | D:8      | Reached skill level 5 in Summonings
  6028 | D:8      | Reached skill level 5 in Necromancy
  6028 | D:8      | Reached skill level 5 in Translocations
  6028 | D:8      | Reached skill level 5 in Transmutations
  6028 | D:8      | Reached skill level 5 in Fire Magic
  6028 | D:8      | Reached skill level 5 in Ice Magic
  6028 | D:8      | Reached skill level 5 in Air Magic
  6028 | D:8      | Reached skill level 5 in Earth Magic
  6028 | D:8      | Reached skill level 5 in Poison Magic
  6028 | D:8      | Reached skill level 5 in Invocations
  6028 | D:8      | Reached skill level 5 in Evocations
  6558 | D:8      | Noticed Joseph
  6574 | D:8      | Killed Joseph
  6676 | D:9      | Found Foanuc's Book Shoppe.
  6695 | D:9      | Noticed Gastronok
  6725 | D:9      | HP: 1/79 [Gastronok/the air (33)]
  6734 | D:9      | Killed Gastronok
  6734 | D:9      | Reached XP level 11. HP: 13/84 MP: 12/22
  6977 | D:9      | Noticed Dominolapin's ghost (novice VSAs)
  6987 | D:9      | Killed Dominolapin's ghost
  7026 | D:9      | Learned a level 3 spell: Mephitic Cloud
  7029 | D:9      | Learned a level 2 spell: Poisonous Vapours
  7100 | D:9      | Reached ** piety under Ashenzari
  7184 | D:9      | Noticed a two-headed ogre
  7194 | D:9      | Killed a two-headed ogre
  7194 | D:9      | Reached skill level 9 in Charms
  7257 | D:9      | Noticed a brown ugly thing
  7267 | D:9      | Killed a brown ugly thing
  7713 | D:10     | Entered Level 10 of the Dungeon
  7842 | D:10     | Noticed a wizard
  7847 | D:10     | Killed a wizard
  7904 | D:10     | Noticed a two-headed ogre
  7912 | D:10     | Killed a two-headed ogre
  8271 | D:10     | Reached XP level 12. HP: 93/93 MP: 16/24
  8490 | D:10     | Learned a level 2 spell: Passwall
  8760 | D:10     | Noticed Maurice
  8767 | D:10     | Killed Maurice
  8797 | D:10     | Found a staircase to the Lair.
  8826 | D:10     | Noticed Erolcha
  8900 | D:10     | Killed Erolcha
  9161 | D:11     | Identified the +5 falchion of Ageih {slice, Stlth+} (You found it on level 8 of the Dungeon)
  9271 | D:11     | Found Dughuodese's Antique Weapon Shop.
  9271 | D:11     | Noticed Fannar
  9542 | D:11     | Killed Fannar
  9918 | D:11     | Noticed Erica
  9941 | D:11     | Killed Erica
 10189 | D:12     | Noticed Urug
 10202 | D:12     | Killed Urug
 10290 | D:12     | Found a staircase to the Orcish Mines.
 10348 | D:12     | Reached skill level 10 in Charms
 10514 | D:12     | Noticed Kirke
 10537 | D:12     | Killed Kirke
 10537 | D:12     | Reached XP level 13. HP: 28/101 MP: 1/26
 10769 | D:12     | Noticed Azrael
 10974 | D:12     | Found a blossoming altar of Fedhas.
 11108 | D:12     | Killed Azrael
 11120 | D:12     | Noticed Nessos
 11220 | D:12     | Killed Nessos
 11423 | D:13     | Reached *** piety under Ashenzari
 12217 | D:13     | Reached skill level 10 in Spellcasting
 12242 | D:13     | Reached XP level 14. HP: 106/109 MP: 27/28
 12400 | D:13     | Found a gate to the Vaults.
 12577 | D:13     | Learned a level 4 spell: Airstrike
 12593 | D:14     | Reached skill level 10 in Fighting
 12593 | D:14     | Reached skill level 10 in Polearms
 12593 | D:14     | Reached skill level 10 in Dodging
 12726 | D:14     | Reached skill level 11 in Charms
 13146 | D:15     | Entered Level 15 of the Dungeon
 13199 | D:15     | Reached **** piety under Ashenzari
 13248 | D:15     | Found a blossoming altar of Fedhas.
 13285 | D:15     | Found a staircase to the Depths.
 13345 | D:15     | Noticed Amnesiac's ghost (journeyman GnCj)
 13374 | D:15     | Killed Amnesiac's ghost
 13897 | D:15     | Found Wieth's Antique Weapon Emporium.
 14295 | Depths:1 | Entered Level 1 of the Depths
 14577 | Orc:1    | Entered Level 1 of the Orcish Mines
 14600 | Orc:1    | Reached XP level 15. HP: 101/117 MP: 12/29
 14955 | Orc:2    | Entered Level 2 of the Orcish Mines
 15150 | Orc:2    | Found a roughly hewn altar of Beogh.
 15187 | Orc:1    | Reached skill level 10 in Armour
 15583 | Orc:2    | Learned a level 2 spell: Sticks to Snakes
 15772 | Orc:2    | Gained mutation: You are occasionally teleported next to monsters. [a neqoxec]
 15780 | Orc:2    | Lost mutation: You are occasionally teleported next to monsters. [potion of mutation]
 15780 | Orc:2    | Gained mutation: Scrolls take you a little longer to read. [potion of mutation]
 15780 | Orc:2    | Gained mutation: Your magical capacity is low. (-10% MP) [potion of mutation]
 15780 | Orc:2    | Gained mutation: You have a pair of small horns on your head. [potion of mutation]
 15780 | Orc:2    | Gained mutation: Your system is resistant to poisons. (rPois) [potion of mutation]
 15781 | Orc:2    | Lost mutation: Scrolls take you a little longer to read. [potion of mutation]
 15781 | Orc:2    | Lost mutation: Your system is resistant to poisons. (rPois) [potion of mutation]
 15781 | Orc:2    | Gained mutation: You are agile. (Dex +2) [potion of mutation]
 15781 | Orc:2    | Gained mutation: You have a pair of horns on your head. [potion of mutation]
 15865 | Orc:2    | Found a staircase to the Elven Halls.
 16386 | Orc:2    | Found Lase's Distillery.
 16386 | Orc:2    | Found Laobrist's Armour Boutique.
 16388 | Orc:2    | Found Dibbo's Magic Scroll Shop.
 16390 | Orc:2    | Found Duxkoanu's Antique Armour Shoppe.
 16402 | Orc:2    | Bought a pair of runed boots for 187 gold pieces
 16565 | Elf:1    | Entered Level 1 of the Elven Halls
 16730 | Elf:1    | Reached skill level 10 in Short Blades
 16730 | Elf:1    | Reached skill level 10 in Long Blades
 16730 | Elf:1    | Reached skill level 10 in Axes
 16730 | Elf:1    | Reached skill level 10 in Maces & Flails
 16730 | Elf:1    | Reached skill level 10 in Staves
 16730 | Elf:1    | Reached skill level 10 in Slings
 16730 | Elf:1    | Reached skill level 10 in Bows
 16730 | Elf:1    | Reached skill level 10 in Crossbows
 16730 | Elf:1    | Reached skill level 10 in Throwing
 16730 | Elf:1    | Reached skill level 10 in Stealth
 16730 | Elf:1    | Reached skill level 10 in Shields
 16730 | Elf:1    | Reached skill level 10 in Unarmed Combat
 16730 | Elf:1    | Reached skill level 10 in Conjurations
 16730 | Elf:1    | Reached skill level 10 in Hexes
 16730 | Elf:1    | Reached skill level 10 in Summonings
 16730 | Elf:1    | Reached skill level 10 in Necromancy
 16730 | Elf:1    | Reached skill level 10 in Translocations
 16730 | Elf:1    | Reached skill level 10 in Transmutations
 16730 | Elf:1    | Reached skill level 10 in Fire Magic
 16730 | Elf:1    | Reached skill level 10 in Ice Magic
 16730 | Elf:1    | Reached skill level 10 in Air Magic
 16730 | Elf:1    | Reached skill level 10 in Earth Magic
 16730 | Elf:1    | Reached skill level 10 in Poison Magic
 16730 | Elf:1    | Reached skill level 10 in Invocations
 16730 | Elf:1    | Reached skill level 10 in Evocations
 16999 | Elf:1    | Reached ***** piety under Ashenzari
 17179 | D:10     | Learned a level 5 spell: Lee's Rapid Deconstruction
 17327 | Elf:1    | Learned a level 5 spell: Alistair's Intoxication
 18616 | Elf:1    | Reached skill level 12 in Charms
 18728 | Elf:2    | Learned a level 2 spell: Blink
 18752 | Elf:2    | Reached XP level 16. HP: 115/125 MP: 28/28
 18979 | Elf:2    | Found a frozen archway.
 18983 | IceCv    | Entered an ice cave
 19644 | IceCv    | Got the uncursed plate armour of Greater Demons {rElec rN+ Str-4}
 19655 | IceCv    | Identified the +7 plate armour of Greater Demons {rElec rN+ Str-4} (You found it in an ice cave)
 19693 | IceCv    | Got the cursed spear of Shrieking Terror {pain, rN+}
 20288 | Elf:2    | Found Cumiwesh's Antique Armour Emporium.
 20418 | Elf:2    | Bought a pair of glowing gloves for 247 gold pieces
 20513 | Elf:2    | Identified the cursed +1 spear of Shrieking Terror {pain, rN+} (You found it in an ice cave)
 20816 | Elf:2    | Noticed Saint Roka
 20845 | Elf:2    | HP: 5/127 [Saint Roka/divine providence (12)]
 21870 | Elf:2    | Found a huge runed gate.
 21870 | Elf:2    | Found a huge runed gate.
 21870 | Elf:2    | Found a huge runed gate.
 21871 | Elf:2    | Found a huge runed gate.
 21873 | Elf:2    | Found a huge runed gate.
 22251 | Elf:2    | HP: 2/127 [something (7)]
 22279 | Elf:3    | Identified a paperback manual
 22279 | Elf:3    | Entered Level 3 of the Elven Halls
 22699 | Elf:3    | Reached XP level 17. HP: 113/133 MP: 23/29
 22906 | Elf:3    | Found Fetiaph's Gadget Emporium.
 22907 | Elf:3    | Found Quam Zoth's Jewellery Shop.
 22908 | Elf:3    | Found Fascheask's Gadget Emporium.
 22918 | Elf:3    | Bought a wand of digging (12/24) for 384 gold pieces
 23009 | Elf:3    | Found Gofeng's Book Shoppe.
 23704 | Elf:2    | Noticed Asterion
 23744 | Elf:2    | Killed Asterion
 24124 | Elf:2    | Killed Saint Roka
 24265 | Elf:3    | Reached skill level 13 in Charms
 24525 | Elf:3    | Noticed a deep elf master archer
 24536 | Elf:3    | Killed from afar by a deep elf elementalist

Vault maps used:
D:1:      saegor_arrival_simple_d, serial_bayou_pond_d
D:2:      okawaru_gym_becter
D:3:      first_bread, yredelemnul_altar_generic, uniq_sigmund
D:4:      kennysheep_slugbush, uniq_crazy_yiuf_cottage
D:5:      minmay_temple_entry_enclosed_plants, minivault_26,
          minmay_misc_feat_nine_boxes, chequers_big_river, uniq_ijyb
D:6:      dk_noncrumbling_4
D:7:      lemuel_round_altar
D:8:      cheibrodos_fzero, uniq_joseph
D:9:      minmay_cornered_nines, serial_shops, nicolae_shop_window_shopping,
          uniq_gastronok
D:10:     minmay_lair_entry_lava, david_nohive_1, uniq_erolcha, uniq_maurice,
          uniq_psyche
D:11:     serial_shops, nicolae_shop_crystal, bh_circular_ruins, uniq_fannar,
          uniq_erica
D:12:     zombieorc1_lemuel, hangedman_tree_tricks, uniq_azrael, uniq_kirke,
          uniq_urug, uniq_nessos
D:13:     grunt_vaults_entry_tiered, grunt_potential
D:14:     minmay_staircase_windowed_large
D:15:     hangedman_depths_entry_civil_slaughter, fedhas_altar_3, serial_shops,
          nicolae_shop_statue_plus, serial_park_tiny_2
Temple:   nicolae_temple_the_god_donut
Orc:2:    st_orc_rangers, basic_altar
Elf:1:    evilmike_minifort, due_unseen_surprise, grunt_megastairs_1
Elf:2:    serial_shops, shop, portal_ice_cave_entry_pillars_three,
          uniq_saint_roka, uniq_asterion
Elf:3:    minmay_elf_hall_statues, serial_shops, nicolae_shop_statue_plus,
          minmay_shop_grove, grunt_megastairs_4
Depths:1: lightli_too_deep, grunt_decor_resistance, abyss_entry_glasseish,
          pan_entry, minmay_misc_feat_tower, nicolae_for_you_no_charge,
          kennysheep_random_hallway, minmay_shoptagon
IceCv:    ice_cave_tombish

Skill      XL: |  1  2  3  4  5  6  7  8  9 10 11 12 13 14 15 16 17 |
---------------+----------------------------------------------------+-----
Spellcasting   | 5 6 7 8 9 10 11 12 | 12.5
Short Blades   | 1 2 3 4 5 6 7 8 9 10 11 | 11.6
Long Blades    | 1 2 3 4 5 6 7 8 9 10 11 | 11.6
Axes           | 1 2 3 4 5 6 7 8 9 10 11 | 11.6
Maces & Flails | 1 2 3 4 5 6 7 8 9 10 11 | 11.6
Staves         | 1 2 3 4 5 6 7 8 9 10 11 | 11.6
Slings         | 1 2 3 4 5 6 7 8 9 10 11 | 11.6
Bows           | 1 2 3 4 5 6 7 8 9 10 11 | 11.6
Crossbows      | 1 2 3 4 5 6 7 8 9 10 11 | 11.6
Throwing       | 1 2 3 4 5 6 7 8 9 10 11 | 11.6
Stealth        | 1 2 3 4 5 6 7 8 9 10 11 | 11.6
Shields        | 1 2 3 4 5 6 7 8 9 10 11 | 11.6
Unarmed Combat | 1 2 3 4 5 6 7 8 9 10 11 | 11.6
Conjurations   | 1 2 3 4 5 6 7 8 9 10 11 | 11.6
Hexes          | 1 2 3 4 5 6 7 8 9 10 11 | 11.6
Summonings     | 1 2 3 4 5 6 7 8 9 10 11 | 11.6
Necromancy     | 1 2 3 4 5 6 7 8 9 10 11 | 11.6
Translocations | 1 2 3 4 5 6 7 8 9 10 11 | 11.6
Transmutations | 1 2 3 4 5 6 7 8 9 10 11 | 11.6
Fire Magic     | 1 2 3 4 5 6 7 8 9 10 11 | 11.6
Ice Magic      | 1 2 3 4 5 6 7 8 9 10 11 | 11.6
Air Magic      | 1 2 3 4 5 6 7 8 9 10 11 | 11.6
Earth Magic    | 1 2 3 4 5 6 7 8 9 10 11 | 11.6
Poison Magic   | 1 2 3 4 5 6 7 8 9 10 11 | 11.6
Invocations    | 1 2 3 4 5 6 7 8 9 10 11 | 11.6
Evocations     | 1 2 3 4 5 6 7 8 9 10 11 | 11.6
Armour         | 3 4 5 6 7 8 9 10 11 | 11.9
Fighting       | 5 6 7 8 9 10 11 12 | 12.4
Polearms       | 5 6 7 8 9 10 11 12 | 12.4
Dodging        | 5 6 7 8 9 10 11 12 | 12.4
Charms         | 7 8 9 10 11 12 13 | 13.1

Action                   |  1- 3 |  4- 6 |  7- 9 | 10-12 | 13-15 | 16-18 || total
-------------------------+-------+-------+-------+-------+-------+-------++-------
Melee: Spear             |    97 |    77 |       |       |       |       ||   174
       Bite              |     3 |    13 |    19 |    68 |   134 |   106 ||   343
       Trident           |       |    43 |   213 |   521 |  1021 |   695 ||  2493
       Punch             |       |     1 |     2 |     9 |       |       ||    12
       Unarmed           |       |       |       |     2 |       |       ||     2
       Headbutt          |       |       |       |       |    53 |   181 ||   234
       Staff             |       |       |       |       |     4 |       ||     4
Throw: Tomahawk          |       |       |       |       |     1 |     1 ||     2
 Cast: Infusion          |    18 |    19 |    39 |    73 |    99 |    67 ||   315
       Spectral Weapon   |     4 |    17 |    37 |    70 |    99 |    74 ||   301
       Regeneration      |       |     3 |     3 |    17 |    22 |    31 ||    76
       Confuse           |       |       |       |     3 |       |     4 ||     7
       Passwall          |       |       |       |     1 |     2 |     1 ||     4
       Lee's Rapid Decon |       |       |       |       |    12 |     7 ||    19
       Poisonous Vapours |       |       |       |       |       |    26 ||    26
       Alistair's Intoxi |       |       |       |       |       |     7 ||     7
       Airstrike         |       |       |       |       |       |     9 ||     9
       Mephitic Cloud    |       |       |       |       |       |     1 ||     1
Invok: Curse Item        |       |       |     3 |     3 |       |       ||     6
 Abil: Evoke Berserk Rag |       |       |     1 |       |       |       ||     1
Evoke: Wand              |       |       |       |       |     1 |     1 ||     2
  Use: Scroll            |       |       |       |    12 |    14 |    12 ||    38
       Potion            |       |       |       |     9 |     6 |     8 ||    23
 Stab: Sleeping          |     3 |     2 |     8 |    11 |    14 |    12 ||    50
       Distracted        |     1 |       |     1 |     4 |    22 |    11 ||    39
       Invisible         |       |       |       |     4 |       |       ||     4
       Confused          |       |       |       |     2 |       |     8 ||    10
       Paralysed         |       |       |       |       |     5 |       ||     5
  Eat: Chunk             |     1 |     6 |    10 |    12 |    12 |     7 ||    48
       Bread ration      |       |       |     1 |     1 |     2 |     1 ||     5
       Royal jelly       |       |       |       |     2 |       |       ||     2
       Fruit             |       |       |       |       |     8 |    14 ||    22
       Meat ration       |       |       |       |       |     1 |       ||     1
Armor: Leather armour    |    13 |    12 |    26 |    43 |       |       ||    94
       Robe              |       |       |       |    14 |    59 |     8 ||    81
       Ring mail         |       |       |       |       |    90 |    40 ||   130
       Skin              |       |       |       |       |     4 |       ||     4
Dodge: Dodged            |    49 |    64 |    86 |   277 |   545 |   241 ||  1262
Block: Shield            |       |       |       |    91 |   540 |   217 ||   848

Table legend:
 A = Spawn XP
 B = Non-spawn XP
 C = Spawn XP percentage of total XP
 D = Spawn monster count
 E = Non-spawn monster count
 F = Spawn count percentage of total count
 G = Total turns spent on level
                    A         B        C        D         E        F      G
               +---------+---------+-------+---------+---------+-------+---------
         Total |       0 |  240399 |   0.0 |       0 |     872 |   0.0 | 24536
               +---------+---------+-------+---------+---------+-------+---------
           D:1 |       0 |      30 |   0.0 |       0 |      17 |   0.0 |   787
           D:2 |       0 |      99 |   0.0 |       0 |      30 |   0.0 |   697
           D:3 |       0 |     329 |   0.0 |       0 |      26 |   0.0 |   700
           D:4 |       0 |     535 |   0.0 |       0 |      27 |   0.0 |  1010
           D:5 |       0 |     719 |   0.0 |       0 |      18 |   0.0 |   863
           D:6 |       0 |     576 |   0.0 |       0 |      18 |   0.0 |   624
           D:7 |       0 |     868 |   0.0 |       0 |      19 |   0.0 |   730
           D:8 |       0 |    3578 |   0.0 |       0 |      52 |   0.0 |  1216
           D:9 |       0 |    7158 |   0.0 |       0 |      37 |   0.0 |  1037
          D:10 |       0 |    7634 |   0.0 |       0 |      52 |   0.0 |  1657
          D:11 |       0 |    4044 |   0.0 |       0 |      27 |   0.0 |   797
          D:12 |       0 |   15869 |   0.0 |       0 |      72 |   0.0 |  1449
          D:13 |       0 |   18053 |   0.0 |       0 |      85 |   0.0 |  1174
          D:14 |       0 |   10044 |   0.0 |       0 |      30 |   0.0 |   712
          D:15 |       0 |   12913 |   0.0 |       0 |      26 |   0.0 |  1309
         Orc:1 |       0 |    6367 |   0.0 |       0 |      42 |   0.0 |   982
         Orc:2 |       0 |   10790 |   0.0 |       0 |      80 |   0.0 |  1114
         Elf:1 |       0 |   25710 |   0.0 |       0 |      47 |   0.0 |  1950
         Elf:2 |       0 |   63526 |   0.0 |       0 |      90 |   0.0 |  3389
         Elf:3 |       0 |   40134 |   0.0 |       0 |      48 |   0.0 |  1418
      Depths:1 |       0 |    2340 |   0.0 |       0 |       3 |   0.0 |    27
         IceCv |       0 |    9083 |   0.0 |       0 |      26 |   0.0 |   845
               +---------+---------+-------+---------+---------+-------+---------
